Map: Coda LE (Void)

Players

ZzZ - Winner!

  • Race: Terran Terran

AgCl

  • Race: Protoss Protoss

VOD

Have the link to the VOD?

Description

Time

  • Played on: May 1, 2015, 9:24 a.m.
  • Length: 9:38
Show
View Real Time Build Order
Export as new Build Order

ZzZ Terran - Winner!

Build Orders: Reaper Expand, MMM Bio 

Get SALT Encoding   

  12  0:00  SCV  
  13  0:13  SCV  
  14  0:22  Supply Depot  
  14  0:25  SCV  
  15  0:42  Refinery  
  15  0:44  SCV  
  15  0:45  Barracks  
  16  0:56  SCV  
  17  1:08  SCV  
  18  1:20  SCV  
  19  1:34  Reaper  
  19  1:35  Orbital Command  
  20  1:49  Command Center  
  20  2:01  SCV  
  20  2:04  Supply Depot  
  20  2:07  Barracks Reactor  
  21  2:14  Barracks  
  22  2:15  SCV  
  22  2:20  Barracks  
  22  2:30  SCV  
  23  2:42  SCV, Bunker  
  24  2:53  Marine x2  
  24  2:54  SCV  
  27  3:02  Orbital Command  
  27  3:06  SCV, Marine  
  27  3:07  Marine  
  27  3:10  Supply Depot  
  27  3:12  Marine x2  
  32  3:18  SCV  
  33  3:24  Marine x2  
  35  3:28  SCV  
  35  3:30  SCV, Marine x2  
  39  3:40  SCV  
  40  3:43  SCV  
  42  3:51  Barracks Tech Lab  
  42  3:52  SCV  
  42  4:00  SCV  
  42  4:01  Command Center  
  43  4:03  Marine  
  43  4:06  SCV  
  45  4:12  SCV  
  46  4:20  Marauder, Marine x2  
  46  4:22  Stimpack  
  46  4:23  SCV  
  51  4:25  Supply Depot  
  51  4:46  SCV  
  51  4:47  SCV  
  52  4:56  Engineering Bay  
  52  4:57  Marine x4  
  52  4:59  SCV  
  57  5:04  Factory  
  57  5:05  SCV  
  58  5:08  Refinery x3  
  58  5:10  Supply Depot  
  58  5:14  Marine, Orbital Command  
  58  5:15  Barracks Tech Lab, Marauder, Marine  
  58  5:17  SCV  
  58  5:20  SCV  
  64  5:21  Missile Turret  
  64  5:26  Missile Turret  
  64  5:29  SCV  
  64  5:32  SCV  
  64  5:33  Supply Depot  
  64  5:35  Combat Shields  
  66  5:40  SCV  
  67  5:43  Terran Infantry Weapons Level 1  
  67  5:46  SCV  
  68  5:52  Starport  
  68  5:53  Marine  
  68  5:54  Marine x2  
  71  5:58  SCV, Factory Reactor  
  71  5:59  SCV  
  71  6:00  Supply Depot  
  73  6:07  Barracks  
  73  6:11  SCV  
  75  6:17  SCV  
  75  6:19  Armory, Engineering Bay, Supply Depot  
  75  6:23  Marine  
  75  6:24  Supply Depot, Marauder, Concussive Shells, Marine x2  
  80  6:27  SCV  
  80  6:29  Orbital Command  
  80  6:30  SCV  
  82  6:35  Supply Depot  
  82  6:38  Supply Depot  
  82  6:39  SCV  
  83  6:41  Marine  
  83  6:42  SCV, Missile Turret, Marauder  
  87  6:51  SCV, Factory Tech Lab  
  87  6:52  Terran Infantry Armor Level 1  
  88  6:54  Supply Depot  
  88  6:55  Barracks Reactor, Marauder  
  88  6:57  Barracks  
  88  6:58  Supply Depot  
  88  6:59  Medivac  
  88  7:01  Medivac  
  93  7:09  Marine  
  93  7:10  SCV  
  81  7:25  Marine  
  81  7:26  Marauder, Marine  
  81  7:28  SCV x2  
  81  7:29  Terran Vehicle and Ship Weapons Level 1, Marine  
  80  7:33  SCV  
  78  7:37  Cyclone  
  78  7:40  SCV, Fusion Core  
  78  7:43  Marine  
  85  7:44  Marauder  
  85  7:46  SCV  
  85  7:47  Marauder  
  88  7:51  Barracks Tech Lab  
  88  7:52  Marine x3  
  88  7:54  Medivac  
  88  7:55  SCV  
  94  7:59  Refinery x2  
  94  8:01  Supply Depot, Marine  
  94  8:03  Supply Depot x2  
  97  8:05  Marauder  
  97  8:08  Marine  
  97  8:10  Cyclone  
  97  8:12  Marauder, Marine x3  
  106  8:17  Supply Depot x2, SCV  
  106  8:19  Marine  
  106  8:30  Marauder, Marine x3  
  111  8:37  Marine x2  
  111  8:38  SCV, Marauder  
  116  8:46  Command Center  
  116  8:48  Supply Depot x2  
  116  8:52  Factory x2, Barracks  
  116  8:54  Supply Depot  
  116  8:57  Supply Depot, Starport  
  109  9:38  Starport Reactor  
Show
View Real Time Build Order
Export as new Build Order

AgCl Protoss 

Build Orders: Oracle Opening, Oracle Opening, Carrier Rush 

Get SALT Encoding   

  12  0:03  Probe  
  13  0:15  Probe  
  14  0:29  Pylon  
  14  0:35  Assimilator  
  14  0:50  Gateway  
  14  0:51  Probe (Chrono Boost)  
  15  1:03  Probe (Chrono Boost)  
  16  1:10  Probe (Chrono Boost)  
  17  1:20  Probe  
  18  1:32  Probe  
  19  1:40  Zealot (Chrono Boost), Assimilator  
  19  1:44  Probe  
  19  1:45  Pylon  
  22  2:02  Cybernetics Core  
  22  2:03  Probe (Chrono Boost)  
  23  2:15  Probe (Chrono Boost)  
  24  2:22  Probe (Chrono Boost)  
  25  2:32  Probe  
  26  2:45  Probe (Chrono Boost)  
  27  2:52  Stargate  
  27  2:57  Mothership Core (Chrono Boost)  
  29  3:02  Nexus  
  29  3:04  Forge  
  29  3:11  Probe  
  30  3:33  Pylon  
  30  3:43  Probe  
  29  3:52  Oracle (Chrono Boost)  
  32  3:56  Probe  
  32  4:02  Fleet Beacon  
  34  4:10  Probe (Chrono Boost)  
  34  4:15  Probe (Chrono Boost), Assimilator  
  34  4:24  Probe (Chrono Boost)  
  34  4:26  Probe (Chrono Boost)  
  34  4:27  Carrier (Chrono Boost)  
  34  4:40  Probe (Chrono Boost)  
  34  4:45  Probe (Chrono Boost)  
  36  4:49  Probe (Chrono Boost)  
  36  4:52  Probe (Chrono Boost)  
  44  4:57  Probe (Chrono Boost)  
  45  5:04  Probe (Chrono Boost)  
  46  5:09  Probe (Chrono Boost)  
  48  5:16  Probe (Chrono Boost)  
  48  5:19  Probe (Chrono Boost)  
  48  5:20  Pylon, Protoss Air Weapons Level 1 (Chrono Boost)  
  49  5:22  Graviton Catapult (Chrono Boost)  
  49  5:26  Probe  
  50  5:29  Probe  
  50  5:32  Carrier (Chrono Boost)  
  51  5:38  Probe, Assimilator  
  51  5:41  Probe  
  53  5:53  Nexus  
  59  6:08  Probe  
  59  6:10  Pylon  
  60  6:14  Twilight Council  
  60  6:28  Probe (Chrono Boost)  
  62  6:33  Pylon, Carrier (Chrono Boost)  
  62  6:34  Probe (Chrono Boost)  
  62  6:38  Probe (Chrono Boost)  
  62  6:39  Cybernetics Core  
  63  6:41  Probe (Chrono Boost)  
  63  6:46  Protoss Ground Weapons Level 1 (Chrono Boost)  
  65  6:52  Probe  
  72  6:55  Photon Cannon  
  72  6:56  Photon Cannon  
  72  6:57  Charge (Chrono Boost)  
  72  6:58  Probe  
  62  7:33  Mothership Core (Chrono Boost)  
  62  7:35  Probe (Chrono Boost)  
  62  7:36  Probe (Chrono Boost)  
  65  7:41  Protoss Air Weapons Level 2 (Chrono Boost)  
  65  7:43  Stargate  
  65  7:47  Pylon  
  65  7:49  Probe, Pylon  
  65  7:50  Probe  
  67  7:52  Probe, Pylon, Assimilator  
  67  7:54  Assimilator  
  67  7:57  Photon Cannon  
  68  8:05  Templar Archives  
  68  8:09  Stargate  
  68  8:11  Gateway  
  68  8:13  Gateway  
  68  8:14  Gateway  
  68  8:39  Probe  
  69  8:43  Gateway  
  69  8:46  Gateway  
Tags
 
Add a new tag
Caveats
  • Supply blocks, unpowered buildings, or Contaminate may cause inaccurate times.
  • Supply counts are checked every 10 seconds.